 Dungeon Crawl Stone Soup version 0.21-a0-460-g737a915 (webtiles) character file.

23 4thArraOfDagon the Firebug (level 2, 0/15 HPs)
             Began as a Tengu Fire Elementalist on Nov 20, 2017.
             Slain by an orc
             ... wielding a +0 flail
              (2 damage)
             ... on level 4 of the Dungeon.
             The game lasted 00:02:01 (310 turns).

4thArraOfDagon the Firebug (Tengu Fire Elementalist) Turns: 310, Time: 00:02:01

Health: 0/15       AC:  2    Str:  8    XL:     2   Next: 95%
Magic:  6/6        EV: 12    Int: 15    God:
Gold:   0          SH:  0    Dex: 14    Spells: 4/5 levels left

rFire    . . .     SeeInvis .   f - +0 short sword
rCold    . . .     Gourm    .   (no shield)
rNeg     . . .     Faith    .   a - +0 robe
rPois    .         Spirit   .   (helmet restricted)
rElec    .         Reflect  .   (no cloak)
rCorr    .         Harm     .   (no gloves)
MR       .....                  (boots unavailable)
Stlth    ++........             (no amulet)
HPRegen  0.05/turn              (no ring)
MPRegen  0.10/turn              (no ring)

@: no status effects
A: beak, talons 3
a: no special abilities


You were on level 4 of the Dungeon.
You were not hungry.

You visited 1 branch of the dungeon, and saw 4 of its levels.

Inventory:

Hand Weapons
 f - a +0 short sword (weapon)
Armour
 a - a +0 robe (worn)
Scrolls
 e - a scroll of random uselessness {unknown}
Potions
 d - a potion of might {unknown}
Books
 b - a book of Flames

   Spells                             Type                      Level
   a - Flame Tongue                   Conjuration/Fire             1
   b - Throw Flame                    Conjuration/Fire             2
   c - Conjure Flame                  Conjuration/Fire             3
   d - Inner Flame                    Hexes/Fire                   3
   e - Sticky Flame                   Conjuration/Fire             4
   f - Fireball                       Conjuration/Fire             5
Comestibles
 c - a bread ration


   Skills:
 - Level 2.1 Dodging
 - Level 2.0 Stealth
 + Level 2.2 Spellcasting
 * Level 2.5 Conjurations
 * Level 3.8 Fire Magic


You had 4 spell levels left.
You knew the following spells:

 Your Spells              Type           Power        Failure   Level  Hunger
a - Flame Tongue          Conj/Fire      ##...        6%          1    #......


Dungeon Overview and Level Annotations

Branches:
Dungeon (4/15)
 Temple: D:4-7

Altars:
Okawaru


Innate Abilities, Weirdness & Mutations

You have a beak for a mouth.
You have claws for feet.


Message History

There is a stone staircase leading up here.
Unknown command.
Unknown command.
Unknown command.
Found a stone staircase leading down.
There is a stone staircase leading down here.
You climb downwards.
You hear the hiss of flowing sand.
There is an entrance to an ossuary on this level.
Hurry and find it before the portal is buried! 4 orcs and an orc wizard come into view.
Found a stone staircase leading up.
There is a stone staircase leading up here.
Unknown command.
The orc shouts! x3; The orc wizard shouts!
The orc shouts!
The orc wizard hits you with a dagger.
* * * LOW HITPOINT WARNING * * *
Unknown command.
Unknown command.
The orc hits you with a flail.
You die...

#......#
......#
...#.#
..#.#
...# #..#
#oo#
#.###o.#
#....@o#
+.....o.#
####...##
##.## #.#
#<# ...
#.#


You could see an orc wizard and 4 orcs.

Vanquished Creatures
  An ooze (D:2)
  A giant cockroach (D:2)
  4 hobgoblins
  A jackal (D:2)
  A bat (D:2)
  A frilled lizard (D:1)
  4 goblins
  2 kobolds
  2 rats
17 creatures vanquished.

Notes
Turn   | Place    | Note
-------+----------+-------------------------------------------
     0 | D:1      | 4thArraOfDagon the Tengu Fire Elementalist began the quest for the Orb.
     0 | D:1      | Reached XP level 1. HP: 10/10 MP: 4/4
    87 | D:1      | You fall through a shaft!
    88 | D:2      | Reached XP level 2. HP: 8/15 MP: 3/6
   228 | D:2      | Found an iron altar of Okawaru.
   310 | D:4      | Slain by an orc

Vault maps used:
D:1:      dpeg_arrival_short_road
D:2:      kennysheep_big_flooded_room, lemuel_round_altar
D:3:      chequers_ecumenical_altar_grove, uniq_natasha
D:4:      minitemple, serial_shops, kennysheep_mini_moat,
          nicolae_ossuary_entry_monument

Skill      XL: |  1 |
---------------+----+-----
Conjurations   | 2 |  2.5
Dodging        | |  2.1
Stealth        | |  2.0
Spellcasting   | |  2.2
Fire Magic     | |  3.8

Action                   || total
-------------------------++-------
Melee: Unarmed           ||     9
       Short sword       ||    11
       Peck              ||     5
       Kick              ||     2
 Cast: Flame Tongue      ||    23
Armor: Robe              ||     3
Dodge: Dodged            ||    13

Table legend:
 A = Spawn XP
 B = Non-spawn XP
 C = Spawn XP percentage of total XP
 D = Spawn monster count
 E = Non-spawn monster count
 F = Spawn count percentage of total count
 G = Total turns spent on level
                    A         B        C        D         E        F      G
               +---------+---------+-------+---------+---------+-------+---------
         Total |       0 |      33 |   0.0 |       0 |      17 |   0.0 |   310
               +---------+---------+-------+---------+---------+-------+---------
           D:1 |       0 |       8 |   0.0 |       0 |       6 |   0.0 |    87
           D:2 |       0 |      25 |   0.0 |       0 |      11 |   0.0 |   198
               +---------+---------+-------+---------+---------+-------+---------
